 Dungeon Crawl Stone Soup version 0.20.1-1-g8b1a95d (webtiles) character file.

23 Jazqa the Sneak (level 2, 0/19 HPs)
             Began as a Vampire Enchanter on Oct 31, 2017.
             Slain by an adder (3 damage)
             ... on level 2 of the Dungeon.
             The game lasted 00:01:24 (1126 turns).

Jazqa the Sneak (Vampire Enchanter)                 Turns: 1126, Time: 00:01:25

Health: 0/19       AC:  2    Str:  7    XL:     2   Next: 75%
Magic:  5/5        EV: 12    Int: 17    God:
Gold:   31         SH:  0    Dex: 14    Spells: 2/5 levels left

rFire    . . .     SeeInvis +   a - +1 dagger
rCold    + . .     Gourm    .   (no shield)
rNeg     + + .     Faith    .   b - +0 robe
rPois    +         Spirit   .   (no helmet)
rElec    .         Reflect  .   (no cloak)
rCorr    .         Harm     .   (no gloves)
MR       .....                  (no boots)
Stlth    ++++......             e - amulet of inaccuracy (curse)
Regen    0.1/turn               (no ring)
MPRegen  0.1/turn               (no ring)

@: regenerating slowly
A: fangs 3, see invisible, unbreathing
a: no special abilities


You were on level 2 of the Dungeon.
You were thirsty.

You visited 1 branch of the dungeon, and saw 2 of its levels.

You collected 31 gold pieces.


Innate Abilities, Weirdness & Mutations

You heal slowly.
You have razor-sharp teeth.
You have supernaturally acute eyesight. (SInv)
You can survive without breathing.


   Skills:
 + Level 2.0 Short Blades
 - Level 2.1 Dodging
 + Level 4.7 Stealth
 + Level 2.4 Spellcasting
 + Level 4.5 Hexes


You had 2 spell levels left.
You knew the following spells:

 Your Spells              Type           Power        Failure   Level  Hunger
x - Ensorcelled Hibernat  Hex/Ice        #.....       11%         2    ##.....
z - Corona                Hex            ###....      2%          1    #......

Inventory:

Hand Weapons
 a - a +1 dagger (weapon)
Armour
 b - a +0 robe (worn)
Jewellery
 e - a cursed amulet of inaccuracy (around neck)
 h - an uncursed ring of wizardry {unknown}
Potions
 d - 10 potions of blood
 f - a potion of heal wounds {unknown}
 g - a potion of curing {unknown}
Books
 c - a book of Maledictions

   Spells                             Type                      Level
   a - Corona                         Hexes                        1
   b - Ensorcelled Hibernation        Hexes/Ice                    2
   c - Confuse                        Hexes                        3
   d - Tukima's Dance                 Hexes                        3
   e - Dazzling Spray                 Conjuration/Hexes            3

Dungeon Overview and Level Annotations

Branches:
Dungeon (2/15)

Altars:

h............#..>.
##...#.#####.....
#..........######
####...######.#
#............
#.####.###### #.#
#.# #g####J#
#.S@...# ########


You could see an ooze (sleeping), an adder and a hobgoblin.


Message History

The hobgoblin hits you but does no damage.
You hit the hobgoblin but do no damage.
The hobgoblin is moderately wounded.
You hit the hobgoblin.
The hobgoblin is heavily wounded.
The hobgoblin hits you with a club. The adder misses you.
Unknown command.
You closely miss the hobgoblin.
The hobgoblin is heavily wounded.
The adder bites you. The hobgoblin barely misses you.
You barely miss the hobgoblin.
The hobgoblin is heavily wounded.
The adder bites you. The hobgoblin closely misses you.
Unknown command.
The hobgoblin stops glowing.
The adder bites you.
* * * LOW HITPOINT WARNING * * *
A rat comes into view.
A jackal and an ooze come into view.
The adder closely misses you.
You see here a blackened brass ring.
h - a blackened brass ring The adder bites you.
* * * LOW HITPOINT WARNING * * *
The adder closely misses you.
Found a falchion.
The adder bites you.
* * * LOW HITPOINT WARNING * * *
You see here a falchion.
The adder bites you.
You die...

Skill      XL: |  1  2 |
---------------+-------+-----
Short Blades   | 2 |  2.0
Dodging        | |  2.1
Stealth        | |  4.7
Spellcasting   | |  2.4
Hexes          | |  4.5

Action                   || total
-------------------------++-------
Melee: Dagger            ||    56
       Bite              ||     5
 Cast: Corona            ||     2
  Use: Scroll            ||     2
 Stab: Sleeping          ||     7
Armor: Robe              ||    11
Dodge: Dodged            ||    32

Vault maps used:
D:1:      minmay_arrival_open_corners, serial_glass, glass_columns_b,
          glass_columns_b, glass_columns_b, glass_columns_b, glass_columns_a,
          glass_columns_a, glass_columns_a, glass_columns_a
D:2:      vehumet_crystals, first_bread, serial_bayou_ford_a,
          cheibrodos_gnoll_hut

Notes
Turn   | Place    | Note
-------+----------+-------------------------------------------
     0 | D:1      | Jazqa the Vampire Enchanter began the quest for the Orb.
     0 | D:1      | Reached XP level 1. HP: 13/13 MP: 3/3
   196 | D:1      | Reached XP level 2. HP: 15/19 MP: 5/5
   640 | D:1      | Reached skill level 2 in Short Blades
   795 | D:2      | Learned a level 2 spell: Ensorcelled Hibernation
  1126 | D:2      | Slain by an adder

Vanquished Creatures
  2 oozes (D:1)
  A giant cockroach (D:1)
  A goblin (D:1)
  2 hobgoblins (D:1)
  2 bats (D:1)
  4 frilled lizards (D:1)
  3 kobolds (D:1)
  2 rats (D:1)
17 creatures vanquished.
